Unix NetHack Version 5.0.0-0 post-release - last build May 17 2026 04:57:42 (dc50c8380fa5e20985bfe3072449f57b8d9895ef,branch:main).

Game began 2026-05-13 02:18:55, ended 2026-05-17 21:31:15.

DoomChicken, chaotic female elven Priestess

      ---       -----                        ----            ---      --------
     --.--      |...|          ----          |..----        --.--    --..|.|.--
     |...|      |...|          |..-----      |.....-----    |...|    |........|
     |...|      |.|.--       ---...--.--     ---....--.---- |...|------......--
---- |-..---    |.|..|  --- --.........|  ---- |..........| |..--|..| |.-....|
|..--|.....|    |.|#^| --.| |..........-- |..| |-.........---..---..| |...|.--
|...-|.....|    |.||.|--..| |...........| |..| |................|...---..----
---..|.--.--    |.||.||...| |..---......| |.-- |...................|.....|
  |-.|..---     |.||.-|..-| ---- --....-- |.|  --...|.....--.--....|.|..--
 --......|      |.||..--..--     --..-.|  |.|   --..|....------......|...|
 |.....<--      |.|--......|     |.....|  |.|    |.........|........---.--
 |.....-|  ---- |.|.|....|.------|.-----  |.|    --......-...-----..| ---
 |......----..| |...)...-|..|....|.|---  --.|     ---........--------
 --......|....| |.|.--..|--.|......|..-- |..|---   --...........--------
  --..........| |.|------ |............| |.-|..----|......|.---....||..---
   |..*.*.*a@-- |.|       |..[.........| |.||.....||..--.---------.--....|--
   ---..----.----.|       --......[..--- |.||-....--..||.-- |.|.--....^..|.--
     ----  |...%..|        --.......-----|.--.......#--|..--|........).-#...|
           -----..|        |...|.|..[|..--.........--  --..||..........||..>|
               |..|        |..---|.)[.......--------    |..|---.--.-------.--
               ----        ----  ------------           ----  ------     ---
DoomChicken the Adept        St:12 Dx:10 Co:16 In:11 Wi:20 Ch:10  Chaotic
Dlvl:4  $:484 HP:0(44) Pw:93(93) AC:2  Xp:6 T:4878 

Latest messages:
 In what direction? 4
 The rock misses the iguana.
 The iguana bites!
 In what direction? 4
 The rock misses the iguana.
 In what direction? 4
 You kill the iguana!
 P - 6 rocks (in quiver pouch) (9 in total).
 You see here a cave spider corpse.
 The giant ant bites!
 The giant ant bites!
 The giant ant bites!
 In what direction? 4
 The rock hits the giant ant.
 The giant ant bites!
 The giant ant bites!
 What do you want to zap? [oV or ?*] ?
 In what direction? 4
 The wand hits the giant ant!
 The giant ant bites!
 What do you want to zap? [oV or ?*] ?
 In what direction? 4
 The wand misses the giant ant.
 The giant ant bites!
 The giant ant bites!
 What do you want to zap? [oV or ?*] o
 In what direction? 4
 The giant ant vanishes and reappears farther away.
 In what direction? 4
 The rock misses the giant ant.
 In what direction? 4
 The rock hits the giant ant.
 In what direction? 4
 The rock misses the giant ant.
 a - a blessed +1 mace (weapon in right hand).
 T - a blessed sling (alternate weapon; not wielded).
 The giant ant bites!
 The giant ant bites!
 You hit the giant ant.
 The giant ant bites!
 The giant ant bites!
 What do you want to zap? [oV or ?*] o
 Nothing happens.
 The giant ant bites!
 You die...
 Do you want your possessions identified? [ynq] (y) y
 Do you want to see your attributes? [ynq] (y) y
 Do you want an account of creatures vanquished? [ynaq] (y) y
 Do you want to see your conduct and achievements? [ynq] (y) y
 Do you want to see the dungeon overview? [ynq] (y) y

Inventory:
 Coins    ('$')
  $ - 484 gold pieces
 Weapons  (')')
  T - a blessed +1 sling (alternate weapon; not wielded)
  a - a blessed +1 mace (weapon in right hand)
 Armor    ('[')
  G - a blessed +1 dwarvish iron helm (being worn)
  q - a +0 pair of leather gloves (being worn)
  H - a +0 pair of jumping boots (being worn)
  c - a +0 small shield (being worn)
  b - a blessed +0 robe (being worn)
 Comestibles  ('%')
  j - 2 food rations
 Scrolls  ('?')
  X - a scroll of gold detection
 Potions  ('!')
  E - a potion of holy water
  u - a potion of water
 Wands    ('/')
  V - a wand of striking (0:2)
  o - a wand of teleportation (0:0)
 Tools    ('(')
  l - an oil lamp
  z - a +0 pick-axe
  k - a skeleton key
 Gems/Stones  ('*')
  P - 5 rocks (in quiver pouch)

DoomChicken the Priestess's attributes:

Background:
 You were an Adept, a level 6 elven Priestess.
 You were chaotic, on a mission for Poseidon
 who was opposed by Athena (lawful) and Hermes (neutral).
 You were right-handed.
 You were in the Gnomish Mines, on level 4.
 You entered the dungeon 4878 turns ago.
 There was a new moon in effect when your adventure ended.
 You had 551 experience points, 89 more were needed to attain level 7.

Basics:
 You had 0 out of 44 hit points.
 You had all 93 energy points (spell power).
 Your armor class was 2.
 Your wallet contained 484 zorkmids.
 Autopickup was on for '?!/"$=+' plus thrown.

Final Characteristics:
 Your strength was 12 (limit:18).
 Your dexterity was 10 (limit:18).
 Your constitution was 16 (limit:16).
 Your intelligence was 11 (limit:20).
 Your wisdom was 20 (limit:20).
 Your charisma was 10 (limit:18).

Final Status:
 You weren't hungry.
 You were unencumbered.
 You were wielding a mace.
 You were skilled in mace.

Final Attributes:
 You were piously aligned.
 You were sleep resistant.
 You had infravision.
 You could jump.
 You were guarded.
 Your spell casting was enhanced by wearing a robe.
 You are dead.

Miscellaneous:
 You didn't encounter any bones levels.
 Total elapsed playing time was 2 hours, 53 minutes and 27 seconds.

Major events:
 Turn
    1: DoomChicken the chaotic elven Priestess entered the dungeon
  625: entered the Gnomish Mines
 1339: attained the rank of Acolyte (level 3)
 3734: reached Mine Town
 3848: attained the rank of Adept (level 6)
 4878: killed by a giant ant

Spells:
 Name                 Level Category     Fail Retention
 healing                1   healing        0%  76%-100%
 cure sickness          3   healing       51%  76%-100%
 clairvoyance           3   divination    57%  76%-100%

Skills:
 Fighting Skills
   bare handed combat [Unskilled]
 Weapon Skills
   club               [Unskilled]
   mace               [Skilled]
   morning star       [Unskilled]
   flail              [Unskilled]
   hammer             [Unskilled]
   quarterstaff       [Unskilled]
   polearms           [Unskilled]
   spear              [Unskilled]
   trident            [Unskilled]
   lance              [Unskilled]
   bow                [Unskilled]
   sling              [Basic]
   crossbow           [Unskilled]
   dart               [Unskilled]
   shuriken           [Unskilled]
   boomerang          [Unskilled]
   unicorn horn       [Unskilled]
 Spellcasting Skills
   healing spells     [Unskilled]
   divination spells  [Unskilled]
   clerical spells    [Basic]

Voluntary challenges:
 Character rerolling was not enabled.
 You never genocided any monsters.
 You never polymorphed an object.
 You never changed form.
 You used no wishes.
Achievements:
 You entered the Gnomish Mines.
 You attained the rank of Acolyte.
 You entered Minetown.
 You attained the rank of Adept.
 You entered a shop.
 You entered a temple.

 The Dungeons of Doom: levels 1 to 3
    Level 1:
       Some fountains.
    Level 2:
       A fountain.
       Stairs down to The Gnomish Mines.
    Level 3:
       A fountain.
 The Gnomish Mines: levels 3 to 6
    Level 3:
    Level 4: <- You were here.
       Final resting place for
          you, killed by a giant ant.
    Level 5:
    Level 6:
       Many shops, a temple and an altar to Poseidon, some fountains, some trees.


Vanquished creatures:
  a small mimic
  a watchman
  a giant beetle
  a dog
  a dust vortex
 an ape
 an imp
  8 Mordor orcs
  a rock piercer
  a pony
  8 gnome leaders
  a gnomish wizard
  a kobold mummy
  a gray ooze
  4 elf zombies
  a straw golem
  a floating eye
 13 dwarves
  4 hill orcs
  a giant bat
  4 iguanas
  6 coyotes
  a gas spore
  a hobbit
  2 manes
  a large kobold
  2 giant rats
  2 cave spiders
  a brown mold
  a green mold
 39 gnomes
  a gnome zombie
  2 geckos
  5 jackals
  3 kobolds
  3 goblins
  4 sewer rats
 10 grid bugs
  a lichen
 11 newts
152 creatures vanquished.

No species were genocided or became extinct.

Game over:
                       ----------
                      /          \
                     /    REST    \
                    /      IN      \
                   /     PEACE      \
                  /                  \
                  |   DoomChicken    |
                  |      484 Au      |
                  |   killed by a    |
                  |    giant ant     |
                  |                  |
                  |                  |
                  |       2026       |
                 *|     *  *  *      | *
        _________)/\\_//(\/(/\)/\//\/|_)_______

Goodbye DoomChicken the Priestess...

You died in The Gnomish Mines on dungeon level 4 with 2910 points,
and 484 pieces of gold, after 4878 moves.
You were level 6 with a maximum of 44 hit points when you died.

